 Dungeon Crawl Stone Soup version 0.31-a0-818-ge7c7cf74f0 (webtiles) character file.

Game seed: 6378251012990392933

2774 Hubris850 the Grappler (level 9, -1/70 (75) HPs)
             Began as a Troll Shapeshifter on Sept 22, 2023.
             Was a Priest of Ignis.
             Slain by a gnoll
             ... wielding a +2 halberd of draining
              (3 damage)
             ... in a bailey.
             The game lasted 00:18:16 (4430 turns).

Hubris850 the Grappler (Troll Shapeshifter)         Turns: 4430, Time: 00:18:17

HP:   -1/70 (75)    AC: 18    Str: 24    XL:     9   Next: 42%
MP:   8/8           EV: 10    Int:  6    God:    Ignis [***...]
Gold: 415           SH:  0    Dex: 13    Spells: 8/8 levels left

rFire   + .          .
                       - Unarmed
rCold   . . .        (no shield)
rNeg    . . .        s - +0 steam dragon scales
rPois   .            (helmet currently unavailable)
rElec   .            (cloak currently unavailable)
rCorr   .            (gloves unavailable)
SInv    .            (boots unavailable)
Will    .....        (no amulet)
Stlth   +            t - +4 ring of protection
HPRegen 1.11/turn    (no ring)
MPRegen 0.11/turn

%: no passive effects
@: beast-form, fiery-armoured, drained
A: beast (slay +4), large, unfitting armour, claws 3, regeneration 1, shaggy fur
1, tough skin 1
a: Begin Untransformation, Renounce Religion, Fiery Armour, Foxfire Swarm,
Rising Flame


You were in a bailey.
You worshipped Ignis.
Ignis was most pleased with you.
You were a hulking beast.
You visited 1 branch of the dungeon, and saw 7 of its levels.
You also visited: Bailey.

You collected 490 gold pieces.
You spent 75 gold pieces at shops.

Inventory:

Hand Weapons
 b - a +2 dire flail of holy wrath
 k - the +0 whip of Ysuar {venom, Fragile +Blink Fly rC+}
   (You found it on level 4 of the Dungeon)

   rC+:       It protects you from cold.
   Fly:       It grants you flight.
   +Blink:    It lets you blink.
   Fragile:   It will be destroyed if unequipped.
 l - a +0 whip
Missiles
 q - a throwing net
Armour
 a - a +1 animal skin
 s - +0 steam dragon scales (worn)
 v - a scarf of repulsion
Jewellery
 t - a +4 ring of protection (left claw)
Talismans
 c - a beast talisman (active)
 d - a flux talisman
 g - a blade talisman
Wands
 p - a wand of flame (19)
Scrolls
 e - a scroll of blinking
 u - a scroll of torment
Potions
 f - 4 potions of curing
 h - 2 potions of haste
 i - a potion of berserk rage
 j - a potion of enlightenment
 m - a potion of invisibility {unknown}
 n - a potion of resistance {unknown}
 o - 2 potions of lignification
 r - 2 potions of heal wounds {unknown}
 w - a potion of might {unknown}


   Skills:
 - Level 0.7 Fighting
 - Level 1.5 Dodging
 + Level 9.7 Unarmed Combat
 + Level 9.0 Shapeshifting


You had 8 spell levels left.
You didn't know any spells.
Your spell library contained the following spells:

 Spells                   Type           Power      Damage    Failure   Level
 Magic Dart               Conj           0%         1d3       45%         1
 Necrotise                Necr           0%         1d4       45%         1
 Blink                    Tloc           0%         N/A       58%         2
 Call Imp                 Summ           0%         N/A       58%         2
 Lesser Beckoning         Tloc           0%         N/A       58%         2
 Momentum Strike          Conj/Tloc      0%         3d8       58%         2
 Mephitic Cloud           Conj/Pois/Air  0%         N/A       83%         3
 Vampiric Draining        Necr           0%         2d6       83%         3
 Agony                    Necr           0%         N/A       100%        5


Dungeon Overview and Level Annotations

Branches:
Dungeon (7/15)             Temple (0/1) D:4          Bailey (1/1)

Altars:
Cheibriados
Sif Muna
Wu Jian
Yredelemnul
Zin
The Shining One
Ignis

Shops:
D:3 =(*   D:4 *?[!=   D:5 =(*?


Innate Abilities, Weirdness & Mutations

You are a hulking beast.
Your limbs bulge with bestial killing power. (Slay +4)
You are too large for most types of armour.
You have claws for hands.
Your natural rate of healing is unusually fast.
You are covered in fur. (AC +1)
You have tough skin. (AC +1)


Message History

You open the door. You open the door.
There is an open door here.
There is an open door here.
You open the door.
A gnoll comes into view.
It is wielding a +2 halberd of electrocution.
The gnoll shouts!
The gnoll hits you with a +2 halberd of electrocution!
There is an open door here.
You mangle the gnoll!!
You kill the gnoll!
Things that are here:
a +2 halberd of electrocution; a gnoll corpse As you open the door, it creaks loudly! 2 gnolls and an orc warrior come into view.
A gnoll is wielding a +1 halberd of electrocution.
A gnoll is wielding a +2 halberd of draining.
The orc warrior is wielding a +2 halberd of electrocution.
The gnoll shouts!
The orc warrior shouts!
The gnoll shouts!
Found seven items.
There is an open door here.
The gnoll hits you with a +1 halberd of electrocution!
The orc warrior hits you from afar with a +2 halberd of electrocution.
You are electrocuted!!
There is an open door here.
You claw the gnoll!
The gnoll is heavily wounded.
The gnoll hits you with a +1 halberd of electrocution!
You are electrocuted!
* * * LOW HITPOINT WARNING * * *
The orc warrior barely misses you.
You claw the gnoll!
You kill the gnoll!
A protective cloak of flame settles atop you.
The orc warrior barely misses you.
The orc warrior hits you with a +2 halberd of electrocution.
You are electrocuted!
* * * LOW HITPOINT WARNING * * *
The gnoll hits you from afar with a +2 halberd of draining.
* * * LOW HITPOINT WARNING * * *
You feel drained.
You die...

##### ### ###
#oh.###.###)#
#g###'##'##'##
.!# ##.....##
!.!. #.....###
+!.⌠.
+..⌠..'.#
#.!.!
#.....### #!.!
#.....## +##+
+# #+##+##'##
#.#.# ##.#


You could see an orc warrior and a gnoll.

Vanquished Creatures
  A steam dragon (D:6)
  Edmund (D:5)
  5 water moccasins
  An ice beast (D:5)
  A black bear (D:4)
  An orc warrior (D:6)
  An ogre (D:5)
  A phantom (D:6)
  A bullfrog (D:6)
  7 scorpions
  A water moccasin zombie (D:6)
  A wyvern zombie (D:6)
  2 howler monkeys
  A bullfrog zombie (D:6)
  2 centaur zombies (D:6)
  A jelly (D:6)
  A gnoll bouda (D:6)
  An orc priest (D:7)
  5 hounds
  3 iguanas
  A sleepcap (D:7)
  An orc wizard (D:6)
  2 killer bee zombies (D:6)
  8 adders
  24 gnolls
  A shadow imp (D:5)
  2 white imps
  2 ufetubi
  2 worms
  14 orcs
  4 endoplasms
  3 giant cockroaches (D:2)
  2 goblins (D:3)
  3 hobgoblins
  6 jackals
  4 quokkas
  10 ball pythons
  10 bats
  8 kobolds
  8 rats
153 creatures vanquished.

Vanquished Creatures (others)
  Blork the orc (D:5)
  15 foxfires (D:5)
16 creatures vanquished.

Grand Total: 169 creatures vanquished

Notes
Turn   | Place    | Note
-------+----------+-------------------------------------------
     0 | D:1      | Hubris850 the Troll Shapeshifter began the quest for the
                  | Orb.
     0 | D:1      | Reached XP level 1. HP: 18/18 MP: 0/0
   145 | D:1      | Reached XP level 2. HP: 24/26 MP: 1/1
   205 | D:1      | Found a faded altar of an unknown god.
   212 | D:1      | Prayed at the altar of an unknown god.
   212 | D:1      | Became a worshipper of Ignis, the Dying Flame
   725 | D:2      | Reached XP level 3. HP: 30/32 MP: 2/2
   961 | D:2      | Reached XP level 4. HP: 40/40 MP: 3/3
  1228 | D:3      | Found Nun Ruima's Weapon Shoppe.
  1264 | D:3      | Found Xetasme's General Store.
  1271 | D:3      | Bought a scroll of blinking for 75 gold pieces
  1483 | D:3      | Found Idemug's Jewellery Emporium.
  1501 | D:3      | Reached XP level 5. HP: 46/46 MP: 4/4
  1875 | D:4      | Identified the +0 whip of Ysuar {venom, Fragile +Blink Fly
                  | rC+}
  1892 | D:4      | Noticed a water moccasin
  1903 | D:4      | Killed a water moccasin
  1904 | D:4      | Reached skill level 5 in Unarmed Combat
  1904 | D:4      | Reached XP level 6. HP: 54/54 MP: 5/5
  2046 | D:4      | Reached skill level 5 in Shapeshifting
  2051 | D:4      | Found Othrammam's Jewellery Shoppe.
  2331 | D:4      | Found a staircase to the Ecumenical Temple.
  2350 | D:4      | Found Vees Saa's Distillery.
  2410 | D:4      | Found Peith's Magic Scroll Shoppe.
  2427 | D:4      | Found Sipsa's Assorted Antiques.
  2533 | D:4      | Found Uzo Odgh's Armour Shop.
  2615 | D:5      | Entered Level 5 of the Dungeon
  2616 | D:5      | Noticed Edmund
  2619 | D:5      | Killed Edmund
  2620 | D:5      | Reached XP level 7. HP: 61/61 MP: 6/6
  2753 | D:5      | Found Cont's General Store.
  2831 | D:5      | Noticed Blork the orc
  2875 | D:5      | Killed Blork the orc
  2889 | D:5      | Found a shimmering blue altar of Sif Muna.
  3018 | D:5      | Found Hiusic's Weapon Boutique.
  3099 | D:5      | Reached XP level 8. HP: 68/68 MP: 7/7
  3099 | D:5      | Found Fenixine's Jewellery Shop.
  3343 | D:5      | Found Zal Xuac's Magic Scroll Shop.
  3410 | D:6      | Found a basalt altar of Yredelemnul.
  3556 | D:6      | Found a snail-covered altar of Cheibriados.
  3583 | D:6      | Reached XP level 9. HP: 74/75 MP: 8/8
  3654 | D:6      | Found a glowing golden altar of the Shining One.
  3785 | D:6      | Found a glowing silver altar of Zin.
  3847 | D:6      | Found an ornate altar of the Wu Jian Council.
  4180 | D:7      | Found a flagged portal.
  4188 | Bailey   | Entered a bailey
  4430 | Bailey   | HP: 2/72 [gnoll/+2 halberd of draining (6)]
  4430 | Bailey   | Slain by a gnoll

Illustrated notes

Levels and vault maps discovered:
D:1:      heliophobic_arrival_ceremonial_halls, layout_loops_ring,
          dreamdust_ecumenical_altar_grove, hex_tiny,
          dreamdust_mushroom_princess, minmay_fountain_box,
          hangedman_feature_mirror
D:2:      layout_basic
D:3:      layout_basic, serial_shops, nicolae_shop_statue_plus,
          nicolae_shop_scrapyard, shop, grunt_decor_clamped
D:4:      layout_basic, minmay_temple_entry_sparse_star, serial_shops, shop,
          nicolae_shop_behind_doors, nicolae_diamond_shop,
          nicolae_shop_gaudy_bauble, nicolae_shop_scrapyard
D:5:      layout_cave_pools, tgw_sif, serial_shops, nicolae_shop_rolled_up,
          shop, nicolae_shop_bloodbath_and_beyond, nicolae_shop_tiny_waterfront,
          grunt_ministairs_4, uniq_edmund, uniq_blork_the_orc
D:6:      layout_cave_pools, cheibriados_altar_1, nicolae_tso_carved_into_rock,
          nicolae_yredelemnul_corpse_copse, nzn_wu_jian_contemplation,
          amcnicky_altar_gilded
D:7:      layout_loops_ring, enter_bailey_2, minmay_mini_ossuary
Bailey:   bailey_polearm_nasty_gnolls, bailey

Skill      XL: |  1  2  3  4  5  6  7  8  9 |
---------------+----------------------------+-----
Unarmed Combat | 4 5 6 7 8 9 |  9.7
Shapeshifting  | 4 5 6 8 9 |  9.0
Fighting       | |  0.7
Dodging        | |  1.5

Action                     |  1- 3 |  4- 6 |  7- 9 || total
---------------------------+-------+-------+-------++-------
  Melee: Unarmed           |    73 |   109 |   198 ||   380
         Punch             |       |     2 |     5 ||     7
 Invoke: Fiery Armour      |       |     2 |     2 ||     4
         Foxfire Swarm     |       |     1 |       ||     1
    Use: Scroll            |       |    10 |     3 ||    13
         Potion            |       |     1 |       ||     1
   Stab: Sleeping          |       |     2 |     2 ||     4
 Armour: Animal skin       |    53 |    79 |   100 ||   232
         Skin              |       |     6 |       ||     6
         Steam dragon scal |       |       |    46 ||    46
  Dodge: Dodged            |    41 |    53 |    94 ||   188

Table legend: (Time is in decaauts)
 A = Elapsed time spent in this place.
 B = Non-inter-level travel time spent in this place.
 C = Inter-level travel time spent in this place.
 D = Time resting spent in this place.
 E = Time spent auto-exploring this place.
 F = Levels seen in this place.
 G = Mean time per level.
                   A        B        C        D        E       F      G
               +--------+--------+--------+--------+--------+-----+--------+
         Total |   4383 |   4229 |    154 |    405 |   2674 |   8 |  547.9 |
       Dungeon |   4148 |   3994 |    154 |    360 |   2674 |   7 |  592.6 |
        Bailey |    235 |    235 |      0 |     45 |      0 |   1 |  235.0 |
               +--------+--------+--------+--------+--------+-----+--------+

Top non-repeatable levels by time:
     D:4: 849 daAuts
     D:5: 764 daAuts
     D:6: 667 daAuts
     D:3: 633 daAuts
     D:1: 630 daAuts
     D:2: 487 daAuts
  Bailey: 235 daAuts
     D:7: 115 daAuts
